[Event "Titled Tuesday Blitz April 18 Late 2023"]
[White "Hoffmann, Asa"]
[Black "Srinath, Rao S.V."]
[WhiteFideId "2001470"]
[BlackFideId "5028876"]
[WhiteElo "2117"]
[BlackElo "2196"]
[Result "1-0"]
[Round "03"]
[TimeControl "180+2"]
[Date "2023.04.18"]
[WhiteClock "0:00:16"]
[BlackClock "0:00:15"]

1. d4 c5 2. dxc5 e6 3. Nc3 Bxc5 4. Ne4 Nf6 5. Nxc5 Qa5+ 6. c3 Qxc5 7. Be3 Qc7 8. Nf3 Nc6 9. g3 d5 10. Bg2 O-O 11. O-O Ne4 12. Nd2 Nxd2 13. Qxd2 b6 14. Bf4 Qe7 15. e4 dxe4 16. Bxe4 Bb7 17. Qd6 Qxd6 18. Bxd6 Rfd8 19. Rfd1 Rd7 20. Bf4 Rad8 21. Rxd7 Rxd7 22. Re1 h6 23. h4 Ne7 24. Bxb7 Rxb7 25. Rd1 Nd5 26. Bc1 b5 27. Kf1 a5 28. Ke2 Rc7 29. Rd4 f6 30. a4 b4 31. c4 Nb6 32. b3 Nd7 33. Be3 Kf7 34. Rd6 Nc5 35. Bxc5 Rxc5 36. f4 g5 37. Ke3 gxh4 38. gxh4 Rh5 39. c5 Rxc5 40. Ra6 Rc3+ 41. Kd4 Rxb3 42. Rxa5 Ra3 43. h5 f5 44. Kc4 Rf3 45. Kxb4 Rxf4+ 46. Kb5 Rf1 47. Ra8 Rb1+ 48. Kc6 f4 49. Ra7+ Kf6 50. Ra8 Ke5 51. Rf8 Ra1 52. Kb5 Ke4 53. a5 e5 54. a6 Rb1+ 55. Kc6 Rc1+ 56. Kb7 Rb1+ 57. Kc7 Ra1 58. Kb7 f3 59. a7 Rb1+ 60. Kc7 Rc1+ 61. Kb7 Rb1+ 62. Kc7 Ra1 63. Kb7 Ke3 64. a8=Q Rxa8 65. Kxa8 f2 66. Kb7 Ke2 67. Kc6 f1=Q 68. Rxf1 Kxf1 69. Kd5 Kg2 70. Kxe5 Kg3 71. Kf5 Kf3 72. Kg6 Kf4 73. Kxh6 Kf5 74. Kg7 1-0


[Site "https://www.chess.com"]

[Event "Titled Tuesday Blitz April 18 Late 2023"]
[White "Szente Varga, Fruzsina"]
[Black "Ozates, Tuna"]
[WhiteFideId "712264"]
[BlackFideId "6354521"]
[WhiteElo "1994"]
[BlackElo "2151"]
[Result "0-1"]
[Round "03"]
[TimeControl "180+2"]
[Date "2023.04.18"]
[WhiteClock "0:00:25"]
[BlackClock "0:01:23"]

1. e4 d6 2. d4 Nf6 3. Nc3 g6 4. f3 Bg7 5. Be3 O-O 6. Qd2 a6 7. O-O-O b5 8. h4 b4 9. Nce2 h5 10. Bh6 a5 11. Bxg7 Kxg7 12. Qf4 Nc6 13. g4 e5 14. Qg3 a4 15. dxe5 Nxe5 16. Nf4 Rh8 17. gxh5 Nxh5 18. Nxh5+ Rxh5 19. Be2 b3 20. cxb3 axb3 21. a3 Ba6 22. f4 Bxe2 23. Nxe2 Nc4 24. f5 Qf6 25. Qxb3 Ra5 26. Kb1 d5 27. Nf4 Rxh4 28. Nxd5 Rxd5 29. Rxh4 Rxd1+ 30. Qxd1 Qxb2# 0-1


[Site "https://www.chess.com"]

[Event "Titled Tuesday Blitz April 18 Late 2023"]
[White "crosky"]
[Black "Vovk, Orest"]
[BlackFideId "14113490"]
[WhiteElo "2359"]
[BlackElo "2215"]
[Result "0-1"]
[Round "03"]
[TimeControl "180+2"]
[Date "2023.04.18"]
[WhiteClock "0:00:30"]
[BlackClock "0:00:16"]

1. c4 g5 2. d4 h6 3. h4 g4 4. Bf4 Bg7 5. e3 h5 6. Ne2 c5 7. Ng3 d6 8. Nc3 cxd4 9. exd4 Qb6 10. Nd5 Qxb2 11. Rb1 Qxd4 12. Qxd4 Bxd4 13. Nc7+ Kd8 14. Nxa8 Nc6 15. Be3 Bc3+ 16. Bd2 Bd4 17. Be3 Bc3+ 18. Bd2 Bd4 19. Bd3 b6 20. Nf5 Bc5 21. Bc3 e5 22. Be4 Bb7 23. Rd1 Bxa8 24. Nxd6 Ke7 25. Nf5+ Ke6 26. O-O Nf6 27. Ng3 Nxe4 28. Nxe4 Nd4 29. Rfe1 Bxe4 30. Rxe4 f5 31. Ree1 Kf6 32. Rd3 f4 33. Re4 Kf5 34. Rexd4 exd4 35. Bxd4 Rd8 0-1


[Site "https://www.chess.com"]

[Event "Titled Tuesday Blitz April 18 Late 2023"]
[White "Prieto Aranguren, Alain"]
[Black "Lewicki, Miroslaw"]
[WhiteFideId "2268906"]
[BlackFideId "1113380"]
[WhiteElo "2209"]
[BlackElo "2212"]
[Result "1/2-1/2"]
[Round "03"]
[TimeControl "180+2"]
[Date "2023.04.18"]
[WhiteClock "0:00:43"]
[BlackClock "0:00:43"]

1. d4 Nf6 2. Bg5 e6 3. Nd2 Be7 4. e4 d5 5. e5 Nfd7 6. Bxe7 Qxe7 7. c3 c5 8. Ngf3 Nc6 9. Bd3 O-O 10. O-O f5 11. exf6 Qxf6 12. dxc5 Nxc5 13. Bc2 e5 14. Nb3 Qd6 15. Nxc5 Qxc5 16. Bb3 Be6 17. Ng5 Bf5 18. Qxd5+ Qxd5 19. Bxd5+ Kh8 20. Nf7+ Kg8 21. Nxe5+ Kh8 22. Nf7+ Kg8 23. Nd8+ Kh8 24. Nxc6 bxc6 25. Bxc6 Rab8 26. b4 Rfc8 27. Bf3 Rxc3 28. a3 g5 29. Rfc1 Rb3 30. h3 Bxh3 31. Rc7 Bf5 32. Rxa7 g4 33. Ra8 Rxa8 34. Bxa8 h5 35. Bd5 Rd3 36. Bc6 h4 37. b5 Rb3 38. a4 Bd3 39. a5 Bxb5 40. Bxb5 Rxb5 41. a6 Rb8 42. a7 Ra8 43. Ra6 Kg7 44. Kh2 Kh7 45. f3 gxf3 46. gxf3 Kg7 47. Kh3 Kh7 48. Kxh4 Kg7 49. Kg5 Kf7 50. f4 Kg7 51. f5 Kf7 52. f6 Rg8+ 53. Kf5 Ra8 54. Ke5 Re8+ 55. Kd6 Re6+ 56. Kc7 Rxa6 57. Kb7 Ra1 58. a8=Q Rxa8 59. Kxa8 Kxf6 1/2-1/2


[Site "https://www.chess.com"]

[Event "Titled Tuesday Blitz April 18 Late 2023"]
[White "Gubajdullin, Alexei"]
[Black "Bogaudinov, Rushan"]
[WhiteFideId "4141202"]
[BlackFideId "4129288"]
[WhiteElo "2279"]
[BlackElo "1967"]
[Result "0-1"]
[Round "03"]
[TimeControl "180+2"]
[Date "2023.04.18"]
[WhiteClock "0:00:12"]
[BlackClock "0:00:18"]

1. e4 c5 2. g3 d5 3. exd5 Qxd5 4. Nf3 Qe4+ 5. Qe2 Qxe2+ 6. Bxe2 e6 7. Na3 a6 8. Nc4 Nd7 9. a4 Ngf6 10. a5 Be7 11. c3 O-O 12. d3 Nd5 13. Nfd2 b5 14. axb6 N7xb6 15. Nxb6 Nxb6 16. Bf3 Rb8 17. Ke2 Rd8 18. Ra5 g6 19. Ne4 Bb7 20. Be3 Nd7 21. Bc1 Ne5 22. Bg2 Nxd3 23. f3 Bxe4 24. fxe4 Nxc1+ 25. Rxc1 Rxb2+ 26. Kf1 Rdd2 27. Bh1 Rxh2 28. Kg1 Bg5 29. Re1 Rhc2 30. Bf3 Rxc3 31. Rf1 Be3+ 32. Kh1 Rcc2 0-1


[Site "https://www.chess.com"]

[Event "Titled Tuesday Blitz April 18 Late 2023"]
[White "Ward, Ieuan C"]
[Black "MKlose11"]
[WhiteFideId "406627"]
[WhiteElo "2326"]
[BlackElo "2574"]
[Result "0-1"]
[Round "03"]
[TimeControl "180+2"]
[Date "2023.04.18"]
[WhiteClock "0:00:14"]
[BlackClock "0:00:09"]

1. e4 e6 2. d4 d5 3. exd5 exd5 4. Bd3 Nf6 5. Nf3 c5 6. O-O Be7 7. c3 O-O 8. Bg5 Nc6 9. Nbd2 Bg4 10. dxc5 Bxc5 11. Qb3 Be6 12. Qxb7 Na5 13. Qb5 Be7 14. Rab1 Bd7 15. Qa6 Rb8 16. b4 Nc4 17. Nxc4 Bb5 18. Qxa7 dxc4 19. Bc2 h6 20. Bf4 Ra8 21. Qb7 Ba6 22. Qc7 Nd5 23. Qxd8 Rfxd8 24. Be5 Bb5 25. Ra1 Ba4 26. Be4 Ra6 27. Rfc1 f6 28. Bd4 Nf4 29. Kf1 Ne6 30. Be3 Kf7 31. Nd4 g6 32. Nxe6 Rxe6 33. Bf3 f5 34. Bd4 Bf6 35. Bxf6 Kxf6 36. Be2 Rc6 37. a3 Rd2 38. Ke1 Rb2 39. Rcb1 Rc2 40. Rc1 Rb2 41. Bf3 Re6+ 42. Kf1 Rd6 43. Bd1 Rdd2 44. Bxa4 Rxf2+ 45. Ke1 Rbe2+ 46. Kd1 Rd2+ 47. Ke1 Rfe2+ 48. Kf1 Rf2+ 49. Ke1 Rxg2 50. Bd1 Rxh2 51. Be2 Rdxe2+ 52. Kf1 Rhf2+ 53. Kg1 Rg2+ 54. Kh1 Rh2+ 55. Kg1 Reg2+ 56. Kf1 Rb2 57. Kg1 g5 58. a4 f4 59. a5 f3 60. a6 Rbg2+ 61. Kf1 Rh1# 0-1


[Site "https://www.chess.com"]

[Event "Titled Tuesday Blitz April 18 Late 2023"]
[White "Garrido, Denis"]
[Black "Loiacono, Antonio"]
[WhiteFideId "601217"]
[BlackFideId "895415"]
[WhiteElo "2318"]
[BlackElo "2257"]
[Result "1/2-1/2"]
[Round "03"]
[TimeControl "180+2"]
[Date "2023.04.18"]
[WhiteClock "0:00:19"]
[BlackClock "0:00:07"]

1. d4 Nf6 2. c4 c5 3. d5 b5 4. Qc2 bxc4 5. e4 d6 6. Nf3 g6 7. Bxc4 Bg7 8. O-O O-O 9. Re1 Nfd7 10. Nc3 Na6 11. Bf4 Nb4 12. Qd2 Nb6 13. Bf1 Bg4 14. a3 Bxf3 15. gxf3 a5 16. axb4 axb4 17. Nb5 Qd7 18. Bh6 Rfb8 19. Bxg7 Kxg7 20. b3 f6 21. Bc4 Nc8 22. Qe2 Kf7 23. f4 Nb6 24. e5 dxe5 25. fxe5 Kf8 26. Qe3 Rxa1 27. Qh6+ Kg8 28. Rxa1 Nxc4 29. bxc4 Qg4+ 30. Kf1 Qxc4+ 31. Kg2 Qxd5+ 32. Kg1 Qxe5 33. Rd1 Rxb5 34. Rd8+ Kf7 35. Rf8+ Ke6 36. Qh3+ Qf5 37. Qe3+ Qe5 38. Qb3+ Qd5 39. Qh3+ f5 40. Qe3+ Qe5 41. Qb3+ c4 42. Qxc4+ Rd5 43. Qc8+ Rd7 44. Qc4+ Qd5 45. Qe2+ Qe4 46. Qa6+ Rd6 47. Qa2+ Qd5 48. Qe2+ Qe4 49. Qa2+ Ke5 50. Qa5+ Ke6 51. Qa2+ 1/2-1/2


[Site "https://www.chess.com"]

[Event "Titled Tuesday Blitz April 18 Late 2023"]
[White "Perske, Thore"]
[Black "sebastianmarinp"]
[WhiteFideId "12902195"]
[WhiteElo "2336"]
[BlackElo "2303"]
[Result "1-0"]
[Round "03"]
[TimeControl "180+2"]
[Date "2023.04.18"]
[WhiteClock "0:00:09"]
[BlackClock "0:00:02"]

1. d4 Nf6 2. g3 d5 3. Bg2 c6 4. Nf3 Bf5 5. c4 e6 6. Nc3 dxc4 7. Ne5 Nbd7 8. Nxc4 Bb4 9. O-O O-O 10. e4 Bg6 11. Qe2 Nb6 12. Nxb6 axb6 13. Rd1 b5 14. a3 Ba5 15. Bg5 h6 16. Bf4 Qe7 17. Rac1 b4 18. axb4 Bxb4 19. Bf3 Rfd8 20. h4 Ba5 21. h5 Bh7 22. Kg2 Bc7 23. Be3 Ba5 24. Bf4 Bc7 25. Bxc7 Qxc7 26. e5 Nd5 27. Bxd5 exd5 28. Nb5 Qe7 29. Nc3 Bf5 30. Qe3 Bg4 31. f3 Bxh5 32. Rh1 Bg6 33. Ne2 f6 34. Nf4 Bf7 35. e6 Be8 36. Rh3 Ra2 37. Qe2 Qb4 38. Rc2 Qxd4 39. e7 Rd6 40. Rh4 Qe5 41. Qf2 Qxe7 42. Re2 Qf8 43. Rg4 Kh7 44. Ne6 Rxe6 45. Rxe6 Bd7 46. Re2 Bxg4 47. fxg4 Qf7 48. Qf5+ Qg6 49. Qc8 Qd3 50. Re8 Rxb2+ 51. Kh3 Qc2 52. Rh8+ Kg6 53. Qe8+ Kg5 54. Qh5# 1-0


[Site "https://www.chess.com"]

[Event "Titled Tuesday Blitz April 18 Late 2023"]
[White "Melikyan, Gnel"]
[Black "lluiss"]
[WhiteFideId "54109990"]
[WhiteElo "2138"]
[BlackElo "2300"]
[Result "1-0"]
[Round "03"]
[TimeControl "180+2"]
[Date "2023.04.18"]
[WhiteClock "0:00:10"]
[BlackClock "0:00:01"]

1. d4 Nf6 2. c4 g6 3. Nc3 d5 4. cxd5 Nxd5 5. Bd2 Nb6 6. Nf3 Bg7 7. e3 O-O 8. Be2 c5 9. dxc5 N6d7 10. b4 a5 11. a3 axb4 12. axb4 Rxa1 13. Qxa1 Nc6 14. Qb1 Nde5 15. b5 Nxf3+ 16. gxf3 Ne5 17. f4 Ng4 18. Qd3 Qc7 19. Qc4 e5 20. Nd5 Qd8 21. c6 bxc6 22. bxc6 Qh4 23. Rf1 Be6 24. c7 exf4 25. Qxf4 Qxh2 26. Qxh2 Nxh2 27. Ne7+ Kh8 28. Rh1 Bf6 29. c8=Q Bxc8 30. Nxc8 Rxc8 31. Rxh2 h5 32. Bf3 Rb8 33. Ke2 Rb2 34. Rh1 Bc3 35. Rd1 h4 36. Kd3 Bxd2 37. Rxd2 Rb4 38. Ke2 h3 39. Rd1 Kg7 40. Rh1 Rh4 41. Bb7 g5 42. Kf3 f5 43. Kg3 Rb4 44. Bd5 g4 45. Rc1 Kf6 46. Bh1 Rb2 47. Rf1 Kg5 48. Rd1 Re2 49. Bc6 1-0


[Site "https://www.chess.com"]

[Event "Titled Tuesday Blitz April 18 Late 2023"]
[White "Osmak, Yuliia"]
[Black "Rosenberg, Evan S"]
[WhiteFideId "14101602"]
[BlackFideId "2019299"]
[WhiteElo "2291"]
[BlackElo "2299"]
[Result "1-0"]
[Round "03"]
[TimeControl "180+2"]
[Date "2023.04.18"]
[WhiteClock "0:01:08"]
[BlackClock "0:00:10"]

1. e4 e5 2. Nf3 Nc6 3. Bb5 Nf6 4. d3 Ne7 5. c4 c6 6. Ba4 d6 7. O-O h6 8. h3 Ng6 9. Nc3 Be7 10. d4 O-O 11. Re1 Be6 12. d5 cxd5 13. cxd5 Bd7 14. Be3 a6 15. Bxd7 Qxd7 16. Nd2 b5 17. a4 b4 18. Ne2 a5 19. Ng3 Rfc8 20. b3 Rc3 21. Nc4 Bd8 22. Bd2 Rxg3 23. fxg3 Rc8 24. Rc1 Qa7+ 25. Be3 Qd7 26. Qf3 Nh7 27. h4 Nf6 28. h5 Nf8 29. Rf1 N8h7 30. Kh1 Ng5 31. Bxg5 hxg5 32. Qf5 1-0


[Site "https://www.chess.com"]

[Event "Titled Tuesday Blitz April 18 Late 2023"]
[White "Smith, Garrett L"]
[Black "Omranalhosani21"]
[WhiteFideId "2024829"]
[WhiteElo "2298"]
[BlackElo "2562"]
[Result "0-1"]
[Round "03"]
[TimeControl "180+2"]
[Date "2023.04.18"]
[WhiteClock "0:00:48"]
[BlackClock "0:01:26"]

1. e4 c6 2. d4 d5 3. e5 Bf5 4. Nd2 e6 5. Nb3 Nd7 6. Nf3 h6 7. Be2 Ne7 8. O-O a6 9. a4 g5 10. a5 Ng6 11. Ne1 Nf4 12. Nd3 Nxe2+ 13. Qxe2 Bxd3 14. Qxd3 c5 15. Nxc5 Nxc5 16. dxc5 Bxc5 17. Be3 Rc8 18. c3 Bxe3 19. Qxe3 Rc4 20. f4 Re4 21. Qg3 Qc7 22. fxg5 Qxe5 23. Qxe5 Rxe5 24. gxh6 Rxh6 25. Rf2 Ke7 26. Ra4 Re4 27. Rxe4 dxe4 28. h3 f5 29. Kf1 Kf6 30. Ke2 Ke5 31. Ke3 Rg6 32. Rd2 Rg3+ 33. Kf2 e3+ 0-1


[Site "https://www.chess.com"]

[Event "Titled Tuesday Blitz April 18 Late 2023"]
[White "Klenburg, Michael"]
[Black "Chabris, Christopher"]
[WhiteFideId "14102072"]
[BlackFideId "2005263"]
[WhiteElo "2396"]
[BlackElo "2296"]
[Result "1-0"]
[Round "03"]
[TimeControl "180+2"]
[Date "2023.04.18"]
[WhiteClock "0:01:04"]
[BlackClock "0:00:03"]

1. e4 e5 2. Nf3 Nc6 3. Bb5 a6 4. Ba4 Nf6 5. O-O Be7 6. Re1 b5 7. Bb3 d6 8. c3 O-O 9. h3 Bb7 10. d4 Re8 11. Nbd2 Bf8 12. a4 h6 13. Ba2 exd4 14. cxd4 Nb4 15. Bb1 c5 16. d5 Nd7 17. Ra3 c4 18. Nd4 Qf6 19. N2f3 Nc5 20. axb5 axb5 21. Rxa8 Rxa8 22. Nxb5 Nbd3 23. Bxd3 Nxd3 24. Rf1 Nxb2 25. Qc2 Nd3 26. Be3 Re8 27. Qxc4 Nf4 28. Bxf4 Qxf4 29. Nc3 Rc8 30. Qb4 Ba6 31. Ra1 Bd3 32. Qd4 Bc2 33. Re1 g6 34. Nb5 Bg7 35. Qb6 Re8 36. Nxd6 Rf8 37. e5 g5 38. Qe3 Qa4 39. e6 fxe6 40. dxe6 Bg6 41. e7 Rb8 42. e8=Q+ Bxe8 43. Nxe8 1-0


[Site "https://www.chess.com"]

[Event "Titled Tuesday Blitz April 18 Late 2023"]
[White "Onslow, Alfie"]
[Black "Blomqvist, Erik"]
[WhiteFideId "436976"]
[BlackFideId "1709437"]
[WhiteElo "2114"]
[BlackElo "2436"]
[Result "0-1"]
[Round "03"]
[TimeControl "180+2"]
[Date "2023.04.18"]
[WhiteClock "0:00:06"]
[BlackClock "0:00:07"]

1. Nf3 d5 2. c4 Nd7 3. cxd5 Ngf6 4. Nc3 g6 5. e4 Bg7 6. e5 Ng4 7. d4 Nb6 8. Bc4 Nxc4 9. Qa4+ Qd7 10. Qxc4 O-O 11. Bf4 b5 12. Qxb5 Qf5 13. Bg3 a5 14. Qe2 Ba6 15. Qe4 Qh5 16. h3 Nh6 17. Na4 Rab8 18. Nc5 Bb5 19. a4 Bc4 20. Nd2 Rb4 21. Nxc4 Rxc4 22. O-O Nf5 23. b3 Rxd4 24. Qf3 Nxg3 25. fxg3 Qxe5 26. Rae1 Qd6 27. Ne4 Qxd5 28. Nf2 Qd6 29. Ne4 Qb6 30. Ng5 Rd3+ 31. Qf2 Rxg3 32. Qxb6 cxb6 33. Rxe7 Rxg5 34. Rb7 Rg3 35. Rxb6 Bd4+ 36. Kh2 Bxb6 37. Kxg3 Bc5 38. Rc1 Bb4 39. Rc4 h5 40. Rc7 Kg7 41. Rc6 Re8 42. Ra6 Re3+ 43. Kh2 Rxb3 44. Rb6 Ra3 45. Rb5 Rxa4 46. h4 Bd6+ 47. g3 Rxh4+ 48. Kg2 Rg4 49. Kh3 Rxg3+ 50. Kh4 Rg4+ 51. Kh3 Bb4 52. Rb6 a4 53. Ra6 a3 54. Ra7 Rd4 55. Ra6 Rd3+ 56. Kh4 Be7+ 0-1


[Site "https://www.chess.com"]

[Event "Titled Tuesday Blitz April 18 Late 2023"]
[White "Garmash, Aliona"]
[Black "Bayramov, Zaur"]
[WhiteFideId "34127620"]
[BlackFideId "13405080"]
[WhiteElo "1959"]
[BlackElo "2195"]
[Result "0-1"]
[Round "03"]
[TimeControl "180+2"]
[Date "2023.04.18"]
[WhiteClock "0:00:10"]
[BlackClock "0:01:49"]

1. d4 Nf6 2. c4 c5 3. d5 e6 4. Nc3 exd5 5. cxd5 d6 6. Nf3 g6 7. Bf4 a6 8. a4 Bg7 9. h3 O-O 10. e3 Nh5 11. Bh2 f5 12. Be2 f4 13. e4 Nd7 14. Nd2 Ne5 15. Bxh5 gxh5 16. O-O f3 17. Nxf3 Nxf3+ 18. gxf3 Bxh3 19. f4 Bxf1 20. Qxf1 Qh4 21. Bg3 Qg4 22. Qe2 Rxf4 23. Qxg4 Rxg4 24. Kh1 Rxg3 25. fxg3 Be5 26. Kg2 Kf7 27. Rf1+ Ke7 28. Rh1 Rg8 29. Rxh5 Rxg3+ 30. Kf2 Rg7 31. Nd1 b5 32. axb5 axb5 33. b3 c4 34. bxc4 bxc4 35. Ke2 c3 36. Kd3 Rg3+ 37. Kc2 Rg2+ 38. Kb3 c2 39. Rxh7+ Kd8 0-1


[Site "https://www.chess.com"]

[Event "Titled Tuesday Blitz April 18 Late 2023"]
[White "Zarnicki, Pablo"]
[Black "Georg, Heinz"]
[WhiteFideId "100137"]
[BlackFideId "4607295"]
[WhiteElo "2468"]
[BlackElo "2271"]
[Result "1-0"]
[Round "03"]
[TimeControl "180+2"]
[Date "2023.04.18"]
[WhiteClock "0:02:00"]
[BlackClock "0:01:50"]

1. e4 d6 2. d4 Nf6 3. Nc3 g6 4. Be3 c6 5. h3 Nbd7 6. Nf3 Qc7 7. a4 a5 8. Bc4 Bg7 9. O-O O-O 10. Qe2 e5 11. dxe5 dxe5 12. Rfd1 Re8 13. Ng5 Re7 14. Ba2 h6 15. Nxf7 Rxf7 16. Qc4 Nf8 17. Nb5 Qe7 18. Qxf7+ Qxf7 19. Bxf7+ Kxf7 20. Nc7 Rb8 21. Ba7 N8d7 22. Bxb8 Nxb8 23. Rd8 1-0


[Site "https://www.chess.com"]

[Event "Titled Tuesday Blitz April 18 Late 2023"]
[White "Da Silva Junior, Sediney Mari"]
[Black "Moral Garcia, Serafin"]
[WhiteFideId "2132079"]
[BlackFideId "2201925"]
[WhiteElo "1977"]
[BlackElo "2274"]
[Result "1-0"]
[Round "03"]
[TimeControl "180+2"]
[Date "2023.04.18"]
[WhiteClock "0:00:06"]
[BlackClock "0:00:10"]

1. e4 c5 2. c3 Nf6 3. e5 Nd5 4. d4 e6 5. Nf3 d6 6. Bc4 Nc6 7. O-O cxd4 8. cxd4 Be7 9. exd6 Qxd6 10. Nc3 Nxc3 11. bxc3 O-O 12. Re1 b6 13. Ng5 Bxg5 14. Bxg5 Bb7 15. Qg4 Kh8 16. Rab1 Rac8 17. Bf4 Qd7 18. d5 Na5 19. dxe6 Qc6 20. Bb5 f5 21. e7 fxg4 22. exf8=Q+ Rxf8 23. Bxc6 Bxc6 24. Bg3 h5 25. Re5 g6 26. Re6 Kg7 27. Rbe1 Rf7 28. Be5+ Kh7 29. Bb8 Bd5 30. Re7 Nc6 31. Rxf7+ Bxf7 32. Bxa7 Bxa2 33. Bxb6 Kg7 34. Ra1 Bd5 35. Rd1 Bf7 36. Rd7 Kf6 37. Bd4+ Ke6 38. Rb7 Ne7 39. Rb6+ Kd7 40. Rf6 Ke8 41. Kf1 Nd5 42. Rd6 Nf4 43. g3 Ne6 44. Ke2 Ke7 45. Rb6 Kd7 46. Kd3 Be8 47. Ke4 Ng5+ 48. Ke5 Nf3+ 49. Kf6 Nxh2 50. Rb7+ Kd8 51. Rb8+ Kd7 52. Rxe8 Kxe8 53. Kxg6 Kd7 54. Kxh5 Ke6 55. c4 Kd6 56. c5+ Kd5 57. Be3 Kc6 58. Kg5 Kd5 59. Kf4 Kc6 60. Ke5 Nf3+ 61. Kf4 Nh2 62. Ke4 Nf3 63. Bd4 Nh2 64. f4 gxf3 65. Kf5 Kd5 66. Bg1 Nf1 67. Kf4 Nd2 68. g4 Ne4 69. Kxf3 Ng5+ 70. Kf4 Ne6+ 71. Kf5 Nf8 72. Kf6 Kc6 73. g5 Nh7+ 74. Kg6 Nxg5 75. Kxg5 Kd5 76. Kf5 Kc6 77. Ke6 Kb5 78. Kd7 1-0


[Site "https://www.chess.com"]

[Event "Titled Tuesday Blitz April 18 Late 2023"]
[White "Ahn, Hongjin"]
[Black "Coelho, Ramyres Santana"]
[WhiteFideId "13201492"]
[BlackFideId "2120690"]
[WhiteElo "2182"]
[BlackElo "1888"]
[Result "1-0"]
[Round "03"]
[TimeControl "180+2"]
[Date "2023.04.18"]
[WhiteClock "0:01:51"]
[BlackClock "0:01:49"]

1. e4 c5 2. g3 d6 3. Bg2 Nc6 4. f4 Bd7 5. Nf3 Qc8 6. O-O Nf6 7. Qe2 g6 8. e5 dxe5 9. fxe5 Ng4 10. h3 Nh6 11. g4 Be6 12. Nc3 Nxg4 13. hxg4 Bxg4 14. Qc4 e6 15. Ne4 Be7 16. d3 O-O 17. Bh6 Rd8 18. Rae1 Bxf3 19. Bxf3 Nxe5 20. Qc3 Rd4 21. Be3 f5 22. Bxd4 Nxf3+ 23. Rxf3 fxe4 24. Bh8 e5 25. Qxe5 Qg4+ 26. Rg3 Qxg3+ 27. Qxg3 Kxh8 28. Qe5+ Bf6 29. Qxf6+ Kg8 30. Rxe4 Rf8 31. Qe6+ Kg7 32. Qe5+ Kg8 33. Qd5+ Kg7 34. Re7+ Kh8 35. Qe5+ Kg8 36. Qg7# 1-0


[Site "https://www.chess.com"]

[Event "Titled Tuesday Blitz April 18 Late 2023"]
[White "Kohler, Aran"]
[Black "tufferguy"]
[WhiteFideId "1002856"]
[WhiteElo "2240"]
[BlackElo "2552"]
[Result "1-0"]
[Round "03"]
[TimeControl "180+2"]
[Date "2023.04.18"]
[WhiteClock "0:00:45"]
[BlackClock "0:01:44"]

1. d4 e6 2. Nf3 Nf6 3. Bg5 d5 4. Nbd2 c5 5. c3 Nc6 6. e3 Be7 7. Bd3 O-O 8. h4 h6 9. Ne5 Nxe5 10. dxe5 Nd7 11. f4 hxg5 12. hxg5 Bxg5 13. fxg5 g6 14. Nf3 Kg7 15. Qe2 Rh8 16. O-O-O a6 17. e4 Rxh1 18. Rxh1 dxe4 19. Bxe4 Nxe5 20. Nxe5 Qxg5+ 21. Qd2 Qxe5 22. Qd8 Qf4+ 23. Kd1 Bd7 24. Qxa8 Kf6 25. Qd8+ Ke5 26. Qxd7 Qxe4 27. Re1 Kf4 28. Rxe4+ Kxe4 29. Qxf7 e5 30. Qxg6+ Kf4 31. Qb6 Ke4 32. Ke2 c4 33. Qxb7+ Kf5 34. Qxa6 Kf4 35. Qxc4+ e4 36. Qd4 Kg3 37. Qxe4 Kh2 38. a4 Kg1 39. g4 Kh2 40. g5 Kg3 41. g6 Kh3 42. g7 Kh2 43. c4 Kh3 44. b4 Kh2 45. c5 Kh3 46. b5 Kh2 47. a5 Kh3 48. a6 Kh2 49. b6 Kh3 50. a7 Kh2 51. b7 Kh3 52. c6 Kh2 53. c7 Kh3 54. Qg6 Kh2 55. g8=Q Kh3 56. Q6h7# 1-0


[Site "https://www.chess.com"]

[Event "Titled Tuesday Blitz April 18 Late 2023"]
[White "Fiorito, Francisco"]
[Black "Hon, Eric"]
[WhiteFideId "180165"]
[BlackFideId "2097117"]
[WhiteElo "2341"]
[BlackElo "1918"]
[Result "1-0"]
[Round "03"]
[TimeControl "180+2"]
[Date "2023.04.18"]
[WhiteClock "0:02:23"]
[BlackClock "0:02:52"]

1. d4 Nf6 2. Nc3 c5 3. d5 g6 4. e4 d6 5. Bc4 Bg7 6. Nf3 O-O 7. O-O b5 8. Bxb5 Ba6 9. Re1 Bxb5 10. Nxb5 Na6 11. Bd2 Rb8 12. a4 c4 13. Nfd4 Nc5 14. Nc6 Qd7 15. Nxb8 Rxb8 16. f3 a6 17. Nd4 Rxb2 18. Bc3 Rb5 1-0


[Site "https://www.chess.com"]

[Event "Titled Tuesday Blitz April 18 Late 2023"]
[White "Ramadoss, Ashokkumar"]
[Black "Bilan, Danila"]
[WhiteFideId "5040990"]
[BlackFideId "24161918"]
[WhiteElo "2236"]
[BlackElo "2182"]
[Result "1-0"]
[Round "03"]
[TimeControl "180+2"]
[Date "2023.04.18"]
[WhiteClock "0:00:28"]
[BlackClock "0:00:03"]

1. Nf3 d5 2. c4 c6 3. Qc2 Nf6 4. d4 g6 5. e3 Bf5 6. Bd3 Bxd3 7. Qxd3 Bg7 8. O-O O-O 9. Nc3 Nbd7 10. cxd5 cxd5 11. Ne5 e6 12. f4 Rc8 13. Bd2 Nb6 14. b3 Qe7 15. a4 Nbd7 16. Bc1 Rfd8 17. Ba3 Qe8 18. Nb5 Ne4 19. Rfc1 Nxe5 20. dxe5 a6 21. Nd6 Nxd6 22. exd6 Bxa1 23. Rxa1 f6 24. Qd4 Qf7 25. Rf1 Rc2 26. h3 Rc6 27. Rf3 Rcxd6 28. Rg3 Rc6 29. h4 Re8 30. Qd3 e5 31. fxe5 fxe5 32. h5 e4 33. Qd4 Qg7 34. Qxd5+ Qf7 35. Qd4 Rf6 36. Bb2 Ree6 37. hxg6 Rxg6 38. Qh8# 1-0


[Site "https://www.chess.com"]

[Event "Titled Tuesday Blitz April 18 Late 2023"]
[White "Osmonbekov, Talaibek"]
[Black "Sanchez Alvares, Kelvin Antonio"]
[WhiteFideId "2017253"]
[BlackFideId "3906680"]
[WhiteElo "2135"]
[BlackElo "2217"]
[Result "1-0"]
[Round "03"]
[TimeControl "180+2"]
[Date "2023.04.18"]
[WhiteClock "0:00:25"]
[BlackClock "0:01:24"]

1. d4 d5 2. Bf4 Nf6 3. Nc3 a6 4. e3 c5 5. Nf3 Nc6 6. Ne5 Qb6 7. Na4 Qa5+ 8. c3 cxd4 9. exd4 e6 10. a3 Be7 11. b4 Qd8 12. Nxc6 bxc6 13. Bd3 O-O 14. O-O a5 15. Nc5 Bxc5 16. bxc5 Ba6 17. Rb1 Bxd3 18. Qxd3 Nd7 19. Rb7 Re8 20. Bd6 e5 21. Qf5 Re6 22. dxe5 g6 23. Qf4 a4 24. Rfb1 Qe8 25. h4 Nxe5 26. Rb8 Nd3 27. Rxe8+ Raxe8 28. Qg3 Ne5 29. h5 Nc4 30. hxg6 Rxg6 31. Qh4 Re4 32. Qd8+ Kg7 33. Bf8+ 1-0


[Site "https://www.chess.com"]

[Event "Titled Tuesday Blitz April 18 Late 2023"]
[White "Cigan, Jason"]
[Black "Salik, Serkan"]
[WhiteFideId "2064022"]
[BlackFideId "30952492"]
[WhiteElo "2000"]
[BlackElo "2543"]
[Result "1-0"]
[Round "03"]
[TimeControl "180+2"]
[Date "2023.04.18"]
[WhiteClock "0:00:05"]
[BlackClock "0:00:01"]

1. e4 e5 2. Nf3 Nc6 3. Bb5 a6 4. Ba4 d6 5. c3 Bd7 6. O-O g6 7. d4 Bg7 8. Re1 Nf6 9. h3 O-O 10. Nbd2 Qe7 11. a3 Rfe8 12. Bc2 Qf8 13. Nf1 Bh6 14. Ng5 Rad8 15. Bb3 Re7 16. Ng3 Bc8 17. Qf3 Bg7 18. Be3 h6 19. Nxf7 Rxf7 20. Bxf7+ Qxf7 21. Rad1 Rf8 22. Qe2 g5 23. Nf5 Nxe4 24. Nxg7 Qxg7 25. dxe5 Nxe5 26. Bd4 Bf5 27. Bxe5 dxe5 28. Qc4+ Qf7 29. Rxe4 Bxe4 30. Qxe4 Qxf2+ 31. Kh1 Qf5 32. Qxb7 Rf7 33. Qxa6 e4 34. Qxh6 Rf8 35. Qc6 e3 36. Qc4+ Rf7 37. Qe2 Qe4 38. Rd4 Qe5 39. Rd3 Rf2 40. Qe1 e2 41. Rd8+ 1-0


[Site "https://www.chess.com"]